[Event "Czech Open-GM 2022"]
[Site "Pardubice"]
[Date "2022.07.24"]
[Round "3.41"]
[White "Zaehringer, Daniel"]
[Black "Rabatin, Jakub"]
[Result "1/2-1/2"]
[ECO "E81"]
[WhiteElo "2166"]
[BlackElo "2349"]
[Annotator "TA"]
[PlyCount "128"]
[EventDate "2022.07.22"]
[EventType "swiss"]
[EventCountry "CZE"]
[SourceTitle "playchess.com"]
[Source "ChessBase"]
[SourceQuality "1"]
[TimeControl "40/5400+30:1800+30"]

1. d4 g6 2. c4 Bg7 3. Nc3 d6 4. e4 Nf6 5. f3 O-O 6. Be3 a6 7. Qd2 Nbd7 8. O-O-O b5 {[%emt 0:04:15] E81: King's Indian: Sämisch: 6th move deviations (including 6 Be3 c6).} 9. e5 Ne8 {[%emt 0:01:57] has lost popularity (9...b4).} 10. c5 {[%emt 0:00:46] White is more active.} (10. h4 $5 ) 10... c6 {[%emt 0:08:35] White is slightly better.} 11. f4 $1 f6 {[%emt 0:44:45][%cal Rf6e5] [#]} 12. Nf3 $146 {[%emt 0:19:49] aiming for h4.} ({Predecessor:} 12. exd6 exd6 13. g4 f5 14. gxf5 Rxf5 15. Bd3 Rf8 16. Be4 Qc7 {0-1 (16) Sirotkin,E (1354)-Susla,V (1973) LSS email 2014}) 12... fxe5 13. dxe5 dxe5 14. Nxe5 Bxe5 15. fxe5 Qc7 16. e6 (16. Bh6 Ng7 $11) (16. Be2 $14) 16... Ndf6 $1 $15 17. h4 Ng7 18. Be2 Bxe6 19. h5 (19. Bh6 $17) 19... Rad8 $19 (19... gxh5 20. Bh6 $17) 20. Qe1 Rxd1+ (20... gxh5 21. Bh6) (20... Nfxh5 21. Bxh5 Nxh5 22. Qh4) (20... Ngxh5 21. Bh6 Ng7 22. Bd3) 21. Bxd1 Qe5 ({And not} 21... gxh5 22. Bd2 $17 (22. Bh6 Ng4 $17)) (21... Ngxh5 22. Bxh5 (22. Bh6 Ng7 $17) 22... Nxh5 23. Bh6 $15) (21... Nfxh5 $19 {Strongly threatening ...b4.} 22. Bxh5 gxh5) 22. hxg6 $15 hxg6 23. Bh6 Qxc5 24. Bc2 ({Wrong is} 24. Bxg7 $2 Qg5+ 25. Kb1 Bf5+ 26. Bc2 Bxc2+ 27. Kxc2 Qxg2+ 28. Kb1 Kxg7 $19) 24... Bf5 25. Bb3+ e6 26. a3 $2 (26. Qe3 $17 {is a better defense.} Qxe3+ 27. Bxe3) 26... a5 (26... Ng4 $19 27. Bxg7 Kxg7) 27. Be3 Qe5 {[%emt 0:00:29] [#] ...b4 is the strong threat.} 28. Qd2 (28. Bb6 $17 {was worth a try.} Qxe1+ 29. Rxe1) 28... Ne4 (28... b4 $19 {is more deadly.} 29. axb4 axb4) 29. Nxe4 $17 Qxe4 30. Ba2 {[%emt 0:00:34] Against Qb1+} Qd3 (30... b4 $17 {[%cal Ob4b3] White must now prevent ...b3!} 31. Bd4 Nh5) 31. Qxd3 $15 Bxd3 32. Bd4 (32. Rh4 $142) 32... Rf1+ ({Black should try} 32... Be4 33. Rd1 Bxg2) 33. Rxf1 $17 Bxf1 {[%emt 0:00:05][%cal Bd3f1,Bf1h3,Bh3f5][%mdl 4128] Endgame KBB-KBN} 34. g3 Bh3 35. Be5 Kf7 36. Kd2 Nf5 37. Bb1 Ne7 38. Be4 Bf5 39. Bf3 c5 (39... Nd5 $15) 40. Bc7 $11 a4 41. Bd6 e5 42. Bxc5 Bd7 43. Be4 Ng8 (43... Nf5 $5 ) 44. Ke3 Nf6 45. Bd6 Ke6 46. Bc7 Be8 47. Ba5 g5 48. Bd8 g4 (48... Nxe4 $15 49. Kxe4 Bc6+ 50. Kd3 Kf5) 49. Ba5 (49. Bxf6 $11 Kxf6 50. Bb7) 49... Bd7 50. Bb4 Ne8 51. Bc2 Bc6 52. Bd1 Nf6 53. Be1 Kf5 54. b3 {[%emt 0:00:45] [#]} (54. Bc2+ $11 {keeps the balance.} Be4 55. Bd1) 54... Nd5+ ({Black should play} 54... b4 $1 $17 55. bxa4 bxa3 56. Bc2+ e4) 55. Kd3 $15 b4 56. bxa4 bxa3 {[%emt 0:00:03] ( -> ...a2)} 57. Bb3 Nf6 {[%emt 0:00:48] Hoping for ...Bd5.} 58. a5 Bb5+ 59. Ke3 Nd7 60. Bb4 Nb8 $1 61. Bxa3 Nc6 62. Bd5 Nxa5 63. Bb4 Nc4+ 64. Bxc4 Bxc4 {[%emt 0:00:04] Black had all chances to win.  Weighted Error Value: White=0.21 (precise) /Black=0.22 (precise)} 1/2-1/2

[Event "Czech Open-GM 2022"]
[Site "Pardubice"]
[Date "2022.07.24"]
[Round "3.42"]
[White "Simek, Petr"]
[Black "Mueer, Sebastian"]
[Result "1-0"]
[ECO "E04"]
[WhiteElo "2348"]
[BlackElo "2161"]
[Annotator "TA"]
[PlyCount "121"]
[EventDate "2022.07.22"]
[EventType "swiss"]
[EventCountry "CZE"]
[SourceTitle "playchess.com"]
[Source "ChessBase"]
[SourceQuality "1"]
[TimeControl "40/5400+30:1800+30"]

1. d4 Nf6 2. c4 e6 3. Nf3 d5 4. g3 dxc4 5. Bg2 Bb4+ 6. Bd2 a5 7. Qc2 {[%emt 0:00:46] E04: Open Catalan: 5 Nf3.} c5 8. dxc5 Bxc5 9. Qxc4 {[%emt 0:01:37] The position is equal.} Nbd7 10. Nc3 b6 11. O-O {[%emt 0:00:43] [#]} Ba6 $146 ({Predecessor:} 11... O-O 12. Qb3 Bb7 13. Rfd1 Qe7 14. Be1 Rac8 15. Rac1 Bb4 16. a3 Nc5 17. Qa2 Bxc3 18. bxc3 {0-1 (52) Vazquez Igarza,R (2556)-Predke,A (2657) Linares 2019}) 12. Qh4 Rc8 13. g4 O-O 14. Rfd1 Nd5 (14... Bb4 $5 ) 15. Qxd8 Rfxd8 16. Nxd5 exd5 17. e3 Nf6 18. h3 Ne4 {[%emt 0:05:43] And now ...Be2 would win.} 19. Be1 Be2 20. Rdc1 Bxf3 21. Bxf3 Ng5 22. Bg2 d4 23. exd4 Bxd4 24. Rxc8 Rxc8 25. Bd2 Ne6 26. Rc1 {[%emt 0:00:04] Inhibits Rc2.} Rc5 27. b3 Rxc1+ 28. Bxc1 $11 {[%emt 0:00:01][%mdl 4096] Endgame KBB-KBN} Nc5 29. Bd2 Nd3 30. Kf1 $1 Bb2 31. Be3 b5 (31... Nc5 $14) 32. Bc6 b4 $2 (32... Nb4 $16 {might work better.} 33. Bxb5 Nxa2) 33. Bb6 $2 (33. Be4 $18 {and the rest is easy.} Ne5 34. f4) 33... Nc1 $16 34. Bxa5 Nxa2 35. Bd5 Bd4 36. Bc4 {[%emt 0:00:22] A strong pair of Bishops.} Kf8 37. Bc7 Ke7 38. Bf4 Nc3 39. f3 h6 40. h4 Bf6 41. h5 (41. Be3 $5 ) 41... Bd4 {[%emt 0:01:38] [#]} (41... Bg5 $1 $14 42. Bb8 Be3) 42. Ke1 $1 f6 43. Kd2 Kd7 44. Kd3 Be5 45. Bd2 Kc6 46. Bf7 Kc5 (46... Bd6 $16 47. Kc4 Bc5) 47. Be3+ $18 Kc6 48. Kc4 Bd6 49. Bd2 ({White should try} 49. Be8+ $18 Kc7 50. Bg6) 49... Na2 $2 (49... Bc5 $16) 50. Be8+ Kc7 (50... Kb6 $142 51. Kd5 Be5 52. Be3+ Kc7) 51. Kd5 Nc3+ 52. Ke6 Ne2 53. Be3 {[%emt 0:01:03] Against Nd4+} Be5 54. Kf7 f5 55. Bc5 Nd4 56. Bxb4 Nxf3 57. gxf5 {[%emt 0:00:05] [#] Strongly threatening Bf8.} Nd4 58. Ba4 Nxf5 $2 (58... Bf6 59. Bf8 Nxf5) 59. Ke6 $1 {[%emt 0:00:19][%csl LRe5,LRf5] White is clearly winning.} Ng3 60. Kxe5 Nxh5 61. Bf8 {[%emt 0:00:16] Weighted Error Value: White=0.11 (very precise) /Black=0.28 (precise)} 1-0

[Event "Czech Open-GM 2022"]
[Site "Pardubice"]
[Date "2022.07.24"]
[Round "3.43"]
[White "Sarkar, Justin"]
[Black "Folk, Petr"]
[Result "1-0"]
[ECO "E73"]
[WhiteElo "2346"]
[BlackElo "2157"]
[Annotator "TA"]
[PlyCount "57"]
[EventDate "2022.07.22"]
[EventType "swiss"]
[EventCountry "CZE"]
[SourceTitle "playchess.com"]
[Source "ChessBase"]
[SourceQuality "1"]
[TimeControl "40/5400+30:1800+30"]

1. d4 Nf6 2. c4 g6 3. Nc3 Bg7 4. e4 d6 5. Be2 O-O 6. g4 e5 7. d5 $1 a5 {[%emt 0:01:07] E73: King's Indian: Averbakh Variation without 6...c5.} 8. h4 Na6 9. h5 Nc5 {[%emt 0:02:04] White is slightly better.} 10. f3 c6 {[%emt 0:07:02] [#]} 11. h6 $146 ({Predecessor:} 11. Be3 cxd5 12. cxd5 Nfd7 13. Qd2 a4 14. Nh3 Bf6 15. O-O-O Qa5 16. Kb1 Nb3 17. Qe1 {1-0 (24) Shipov,S (2541)-Jain,K (2162) Chess.com INT 2022}) 11... Bh8 12. Be3 cxd5 13. cxd5 Qb6 14. Qd2 Bd7 15. Nh3 a4 16. Nf2 Qa5 17. O-O Rfc8 18. Nd3 Nxd3 19. Bxd3 a3 {[%emt 0:12:38] [#]} (19... Be8 $142) 20. Rfc1 ({White should play} 20. b4 $1 Qd8 21. Nb5) 20... axb2 $16 21. Qxb2 Qd8 22. Be2 {[%emt 0:06:14] White is more active.} ({Don't go for} 22. Qxb7 $2 Rcb8 23. Qxb8 Rxb8 $19) 22... Ne8 23. Kg2 (23. Qxb7 $2 Rcb8 24. Qxa8 Rxa8 $19) 23... Bf6 (23... f5 $11) 24. Qd2 $1 $36 {[%emt 0:01:58][%mdl 2048] Black is under pressure.} ({Don't blunder} 24. Qxb7 $2 Rcb8 25. Qxb8 Rxb8 $19) 24... Ra3 25. Rab1 Qa5 26. Rxb7 $2 (26. Bb6 $14 {stays ahead.} Qa8 27. Rb2) 26... Raxc3 $4 {[%emt 0:04:11][%mdl 8192] [#]} (26... Rcxc3 $17 {stays on course.} 27. Ra7 Qxa7 28. Bxa7 Rxc1 29. Qxc1 Rxa7) 27. Rxd7 $1 $18 {[%emt 0:01:05][%cal Og4g5] Hoping for g5! White is clearly winning.} Qa3 (27... Qa4 28. Rxc3) 28. Rxc3 Rxc3 (28... Qxc3 $142 29. Rb7 Qxd2 30. Bxd2 Bd8) 29. Ra7 {[%emt 0:02:32] Weighted Error Value: White=0.19 (very precise) /Black=0.41} 1-0

[Event "Czech Open-GM 2022"]
[Site "Pardubice"]
[Date "2022.07.24"]
[Round "3.44"]
[White "Bouska, Jiri"]
[Black "Stinka, Jakub"]
[Result "1/2-1/2"]
[ECO "C88"]
[WhiteElo "2157"]
[BlackElo "2335"]
[Annotator "TA"]
[PlyCount "62"]
[EventDate "2022.07.22"]
[EventType "swiss"]
[EventCountry "CZE"]
[SourceTitle "playchess.com"]
[Source "ChessBase"]
[SourceQuality "1"]
[TimeControl "40/5400+30:1800+30"]

1. e4 e5 2. Nf3 Nc6 3. Bb5 a6 4. Ba4 Nf6 5. O-O Be7 6. Re1 b5 7. Bb3 O-O 8. h3 Bb7 9. d3 d5 10. exd5 Nxd5 11. Nxe5 Nxe5 $1 {[%emt 0:00:04][%mdl 4] now scores much better than the old 11...Nd4.} 12. Rxe5 Qd6 {[%emt 0:00:13] [#] C88: Closed Ruy Lopez: Anti-Marshall Systems.} 13. Bxd5 $146 ({Predecessor:} 13. Re1 Rae8 14. Nd2 c5 15. Ne4 Qc6 16. c4 Nb6 17. f3 Bh4 18. Re2 bxc4 19. dxc4 f5 20. Nc3 Rxe2 21. Nxe2 {½-½ (67) Maghsoodloo,P (2695)-Ding,L (2799) Chess.com INT 2021}) 13... Bxd5 14. Re1 Rae8 {[%emt 0:07:06] Black wants to play ...Qc6.} 15. Nc3 Bb7 16. Be3 ({Of course not} 16. Ne4 Qc6 17. f3 f5 $15) 16... f5 17. f3 Bh4 {A strong pair of Bishops.} 18. Bf2 ({Don't blunder} 18. Re2 $2 Rxe3 $1 19. Rxe3 Qd4 $19) 18... Bxf2+ 19. Kxf2 Qd4+ (19... b4 $11 20. Rxe8 Rxe8) 20. Kf1 $16 b4 21. Ne2 Qxb2 22. Qb1 Qxb1 23. Rexb1 c5 {[#]} 24. a3 $1 a5 25. axb4 axb4 26. c3 Rb8 27. cxb4 (27. Ra5 {is interesting.} Rfd8 28. Kf2 bxc3 29. Rxc5 Rbc8 30. Rxc8 Bxc8 31. Rb8) 27... cxb4 28. Rxb4 ({Better is} 28. Ra4 $14) 28... Bxf3 $1 $11 {[%emt 0:01:12] The position is equal.} 29. Rxb8 Bxe2+ 30. Kxe2 {[%emt 0:00:05] White wants to mate with Rxf8+.} Rxb8 31. Ra7 Rd8 {Weighted Error Value: White=0.07 (flawless) /Black=0.13 (very precise)} 1/2-1/2

[Event "Czech Open-GM 2022"]
[Site "Pardubice"]
[Date "2022.07.25"]
[Round "4.1"]
[White "Moksh Amit Doshi"]
[Black "Harsha Bharathakoti"]
[Result "1/2-1/2"]
[ECO "E04"]
[WhiteElo "2409"]
[BlackElo "2547"]
[Annotator "TA"]
[PlyCount "72"]
[EventDate "2022.07.22"]
[EventType "swiss"]
[EventCountry "CZE"]
[SourceTitle "playchess.com"]
[Source "ChessBase"]
[SourceQuality "1"]
[TimeControl "40/5400+30:1800+30"]

1. d4 Nf6 2. c4 e6 3. Nf3 d5 4. g3 dxc4 5. Bg2 a6 6. O-O Nc6 7. e3 Rb8 8. Qe2 {[%emt 0:00:41] E04: Open Catalan: 5 Nf3.} ({White should play} 8. Nfd2 $14) 8... b5 $11 9. b3 cxb3 10. axb3 Bd6 11. Bb2 {[%emt 0:08:38][%mdl 1024] White has compensation.} Bb7 12. Rc1 O-O 13. Nbd2 (13. Ne5 $5 Nb4 14. Bxb7 Rxb7 15. Nd2 $11) 13... Nb4 {[%emt 0:08:29] [#]} 14. Bc3 $146 (14. Ne1 $11) ({Predecessor:} 14. Ba3 a5 15. Bb2 c6 16. e4 Be7 17. e5 Nd7 18. Ne4 c5 19. Nxc5 Nxc5 20. dxc5 Qd3 21. Nd4 Qxe2 22. Nxe2 Bxg2 23. Kxg2 {½-½ (67) Fedoseev,V (2678)-Le,Q (2709) Chess.com INT 2020}) 14... Nfd5 ({Black should try} 14... c5 $17) 15. Bb2 Nf6 16. Bc3 c5 17. dxc5 Bxc5 18. Ne5 Bxg2 19. Kxg2 Qd6 (19... Rc8 $17) 20. Ng4 $1 $36 {[%emt 0:06:12][%mdl 2048] White is pushing. The position is equal.} Ne8 21. Be5 {[%emt 0:05:27] Active counter play!} Qc6+ 22. Qf3 Qxf3+ 23. Nxf3 Rc8 {[%emt 0:11:26] [#] aiming for ...h5.} 24. Bc3 {[%emt 0:01:02] Bxb4 is the strong threat.} Nd6 25. Nge5 {[%emt 0:00:50] Threatens to win with Bxb4.} Nd5 26. Rxa6 Ne4 27. Bd4 Bd6 28. Rxc8 Rxc8 29. Nd3 Bf8 30. h4 h5 31. Ng5 Nd2 32. Ra7 Rc7 33. Ra8 {[%emt 0:01:01] [#] Black must now prevent Bc5.} Nxb3 34. Bb2 Nb6 35. Rb8 Nd7 36. Rxb5 Nbc5 {Weighted Error Value: White=0.10 (very precise) /Black=0.12 (very precise)} 1/2-1/2

[Event "Czech Open-GM 2022"]
[Site "Pardubice"]
[Date "2022.07.25"]
[Round "4.2"]
[White "Keller, Peter"]
[Black "Stachowiak, Kamil"]
[Result "0-1"]
[ECO "B48"]
[WhiteElo "2377"]
[BlackElo "2476"]
[Annotator "TA"]
[PlyCount "70"]
[EventDate "2022.07.22"]
[EventType "swiss"]
[EventCountry "CZE"]
[SourceTitle "playchess.com"]
[Source "ChessBase"]
[SourceQuality "1"]
[TimeControl "40/5400+30:1800+30"]

1. e4 c5 2. Nf3 e6 3. d4 cxd4 4. Nxd4 Nc6 5. Nc3 Qc7 6. Be3 a6 7. g4 {[%emt 0:01:19] B48: Sicilian: Taimanov: 5 Nc3 Qc7 6 Be3 a6 without Be2.} b5 8. Nxc6 dxc6 9. Qd2 {[%emt 0:05:26] White has an edge.} e5 10. g5 Be6 11. f4 exf4 12. Bxf4 Qb6 13. O-O-O {[%emt 0:03:22][%cal Oc3d5] And now Nd5! would win.} Bc5 (13... Rd8 $11 14. Qxd8+ Qxd8 15. Rxd8+ Kxd8) 14. h4 $16 Ne7 15. h5 {[%emt 0:00:11] [#] Against Ng6} Rd8 $146 ({Predecessor:} 15... O-O 16. Bd3 Qa5 17. Rdf1 b4 18. Nb1 Qxa2 19. Be5 Qa5 20. h6 g6 21. Bg7 Rfd8 {½-½ (68) Fawzy,A (2490)-Kaustuv,K (2281) Ahmedabad 2022}) 16. Bd3 Rd7 17. Kb1 (17. Ne2 $14) 17... Kd8 (17... Qa5 $1 $11 {keeps the balance.} 18. a3 Bxa3 19. bxa3 Qxa3) 18. h6 (18. Be5 $16) 18... gxh6 $11 19. Rxh6 Ng6 {[%emt 0:02:03] Against Be5} 20. Rdh1 Kc8 21. Rxh7 Rg8 22. Bg3 {[%emt 0:04:05] [#]} (22. Ne2 $11) 22... Be3 (22... Qa5 $1 $17 {[%cal Oe6a2] Strongly threatening ...Bxa2+!} 23. a3 Kb7) 23. Qe1 Bxg5 24. e5 {[%emt 0:00:41] Hoping for Ne4.} Nf4 25. Rh8 Rxh8 26. Rxh8+ Kb7 {[%emt 0:02:08] Active counter play!} 27. Ne4 $2 (27. Be4 $11) 27... Nxd3 $19 28. cxd3 {[%emt 0:00:09] [#]} Be7 $2 {[%emt 0:00:04] Really sharp! A strong pair of Bishops.} ({Black should play} 28... Rxd3 $1 $19 29. Bf2 (29. Nxg5 $2 Bf5 $19) 29... Be3 30. Nd6+ Ka7 31. Bxe3 Qxe3 32. Qxe3+ Rxe3 33. Nxf7 Kb6 34. Rb8+ Kc7) 29. Bf2 $11 c5 30. Qg1 Rxd3 {[%emt 0:08:46] White must now prevent ...Qc6.} 31. Nxc5+ $4 (31. Re8 $11 Rd7 32. Rxe7 (32. Bxc5 Qc6 $17) (32. Nxc5+ $2 Bxc5 33. Rxe6 Qxe6 $19) 32... Rxe7 33. Nd6+ Kb8 34. Qg8+ Ka7 35. b4) 31... Bxc5 $19 32. Bxc5 Qc6 $2 $40 {[%emt 0:00:18][%mdl 128] Black attacks.} (32... Qa5 $19 33. Ba3 Qa4) 33. Bd6 $15 Bc8 $1 {[%emt 0:00:22] Threatens to win with ...a5.} 34. Qc1 $2 (34. Qh1 $15 Qxh1+ 35. Rxh1) 34... Rxd6 $19 35. Rxc8 Qxc8 {[%emt 0:00:21] Weighted Error Value: White=0.89/Black=0.44} (35... Kxc8 $142 36. exd6 Qxc1+ 37. Kxc1 Kd7) 0-1

[Event "Czech Open-GM 2022"]
[Site "Pardubice"]
[Date "2022.07.25"]
[Round "4.3"]
[White "Gnojek, Petr"]
[Black "Brodowski, Piotr"]
[Result "0-1"]
[ECO "A56"]
[WhiteElo "2295"]
[BlackElo "2450"]
[Annotator "TA"]
[PlyCount "82"]
[EventDate "2022.07.22"]
[EventType "swiss"]
[EventCountry "CZE"]
[SourceTitle "playchess.com"]
[Source "ChessBase"]
[SourceQuality "1"]
[TimeControl "40/5400+30:1800+30"]

1. d4 Nf6 2. c4 c5 3. d5 g6 4. Nc3 Bg7 5. Nf3 O-O 6. e4 d6 7. Nd2 e6 8. Be2 Re8 9. O-O Na6 10. Re1 Nc7 11. a4 {[%emt 0:01:22] 11.Bf1 is more fashionable.} a6 {[%emt 0:00:41] [#] E91: King's Indian: Classical: 6 Be2, unusual replies including 6...c5 and 6...Bg4.} (11... b6 $11) 12. Bd3 $146 (12. a5 $14) ({Predecessor:} 12. a5 exd5 13. cxd5 Bd7 14. f3 Nh5 15. Nc4 Bb5 16. Be3 Bxc4 17. Bxc4 Rb8 18. g4 Nf6 19. Na4 {0-1 (37) Molina,R (2400)-Harsha,B (2499) Chess.com INT 2022}) 12... Rb8 13. a5 Nd7 {[%emt 0:11:02] The position is equal.} 14. f4 (14. Nf3 $14) 14... Bd4+ (14... exd5 {should be considered.} 15. cxd5 b5) 15. Kh1 $11 exd5 16. exd5 Nf6 {[%emt 0:01:47] White must now prevent ...Ng4.} 17. Rxe8+ Ncxe8 18. Be2 {[%emt 0:01:16] Prevents Ng4.} (18. Qe1 $15) 18... Qe7 $17 19. Qf1 Ng7 {[%emt 0:08:37] ...Bf5 is the strong threat.} 20. Nf3 Bxc3 21. bxc3 Bg4 22. Bd3 ({Better is} 22. h3 Re8 23. Bd1) 22... Re8 23. f5 (23. Bd2 $17) 23... Ne4 (23... Nxf5 24. Bg5 Kg7 25. Re1 $15) (23... Bxf5 $19 24. Bxf5 Nxf5) 24. Bxe4 (24. fxg6 $1 $11 {remains equal.} hxg6 25. Bh6) 24... Qxe4 25. f6 $2 {[%emt 0:00:25] Now White is beyond hope.} (25. fxg6 $17 fxg6 26. Bg5 (26. Ng5 Qxc4 27. Qf7+ Kh8 $17)) 25... Bxf3 $19 26. gxf3 {[%emt 0:00:06] [#]} Qh4 {[%emt 0:00:09] And now ...Re1 would win.} 27. Bd2 {[%emt 0:06:23] Prevents Re1.} (27. fxg7 $2 Re1 28. Bb2 Rxf1+ 29. Rxf1 Qxc4 $19) 27... Nf5 {[%emt 0:00:56] ( -> ...Ng3+)} ({Weaker is} 27... Qxf6 28. Rb1 $19) 28. Kg1 Qxf6 29. Qf2 Nh4 30. Rf1 Kg7 31. Qg3 {[%emt 0:00:40] Hoping for Bg5.} h6 {[%emt 0:00:26] Prevents Bg5.} 32. Qf4 Nf5 {[%emt 0:01:26] Active counter play! Black is clearly winning.} 33. Kf2 Qd8 ({Not} 33... Qe7 $2 34. Re1 Qd8 35. Re4 $19) 34. Ra1 Re5 ({But not} 34... Qe7 $2 35. Re1 Qd8 36. Re4 $19) 35. Kf1 b6 36. h4 bxa5 37. Rb1 Qd7 {[%emt 0:02:00] Threatens to win with ...Qa4.} 38. Qg4 Qa4 39. Rc1 {[%emt 0:00:44] Prevents Qc2.} Qa2 40. Bf4 Qe2+ 41. Kg1 Re3 {[%emt 0:31:14] Weighted Error Value: White=0.50/Black=0.21 (precise)} 0-1

[Event "Czech Open-GM 2022"]
[Site "Pardubice"]
[Date "2022.07.25"]
[Round "4.4"]
[White "Stocek, Jiri"]
[Black "Svanda, Ondrej"]
[Result "1-0"]
[ECO "A46"]
[WhiteElo "2548"]
[BlackElo "2363"]
[Annotator "TA"]
[PlyCount "89"]
[EventDate "2022.07.22"]
[EventType "swiss"]
[EventCountry "CZE"]
[SourceTitle "playchess.com"]
[Source "ChessBase"]
[SourceQuality "1"]
[TimeControl "40/5400+30:1800+30"]

1. d4 Nf6 2. Nf3 e6 3. Bf4 d5 4. e3 c5 5. Nbd2 Nc6 6. c3 Bd6 7. Bg3 Bxg3 8. hxg3 Qd6 9. dxc5 {[%emt 0:12:18] D02: 1 d4 d5 2 Nf3 sidelines, including 2...Nf6 3 g3 and 2...Nf6 3 Bf4.} Qxc5 10. Bd3 e5 {[%emt 0:03:56] ...e4 is the strong threat.} 11. e4 $1 {[%emt 0:00:19] The position is equal.} Bg4 12. exd5 Qxd5 {[%emt 0:01:46] [#]} 13. Bc4 $146 ({Predecessor:} 13. Qe2 O-O-O 14. Bc4 Qd6 15. O-O-O Qc7 16. Ne4 Nxe4 17. Qxe4 Bxf3 18. gxf3 h6 19. Qf5+ {1-0 (62) Pultinevicius,P (2434)-Golubovskis,M (1992) Chess.com INT 2019}) 13... Qd7 14. Qe2 {[%emt 0:04:33][%cal Of3e5] Inhibits e4.} Qe7 {[%emt 0:10:18] Strongly threatening ...e4.} 15. Ne4 Nxe4 (15... O-O-O $11) 16. Qxe4 $16 Bxf3 17. gxf3 g6 18. O-O-O O-O (18... h5 $142) 19. Qe3 $1 {[%emt 0:03:35] White wants to mate with Qh6.} Qf6 {[%emt 0:01:37] [#]} 20. Rd7 (20. Qh6 Qg7 $16) (20. Rd6 $3 $18 Qg7 21. Rhd1) 20... Rac8 21. Qh6 (21. Rxb7 $6 Na5 22. Qh6 Qh8 23. Bxf7+ Rxf7 24. Qxg6+ hxg6 $14) 21... Qg7 22. Bd5 {[%emt 0:05:25] White is much more active.} ({But not} 22. Rxb7 $6 Qxh6+ 23. Rxh6 Na5 24. Rxf7 (24. Bxf7+ Kg7 $17) 24... Nxc4 25. Rfxh7 a5 $11) (22. Qh4 $16) 22... Qxh6+ $11 23. Rxh6 Rcd8 24. Bxc6 bxc6 25. Rxa7 {[%emt 0:00:08][%mdl 4096] Endgame KRR-KRR} Rd3 26. Rh2 Rxf3 (26... Rfd8 $1 $11) 27. Rc7 (27. a4 $16) 27... Ra8 $14 28. a3 Ra6 29. Rb7 Ra5 30. Kc2 h5 31. Rc7 Rf6 32. c4 c5 33. Rd7 Rf3 34. Rd3 Rf5 (34... Rxd3 $11 35. Kxd3 f5) 35. Rd5 (35. b4 $1 $16 Ra7 36. b5 (36. bxc5 e4 $15)) 35... Kg7 36. Kd2 Kf6 37. Ke3 {[%emt 0:00:12] Against Rf3+} Kg5 (37... Rg5 $14) 38. f3 f6 $2 {[%emt 0:00:26] [#] This costs Black the game.} (38... Kh6 $16 {keeps fighting.}) 39. Rh1 $1 $18 Kh6 {[%emt 0:00:34] [#]} 40. Ra1 $1 {[%emt 0:00:18] Threatens to win with b4.} h4 $2 (40... Ra8 41. Rxc5 g5) 41. gxh4 {[%emt 0:12:41] White is clearly winning.} Rf4 42. b4 Ra7 43. Rxc5 Rxh4 44. b5 Rd7 45. Rd5 {[%emt 0:02:24] Weighted Error Value: White=0.15 (very precise) /Black=0.38} 1-0